 Dungeon Crawl Stone Soup version 0.29-a0-334-gb41bcbb86e (webtiles) character file.

Game seed: 2695957766054549900

33 siradein the Bolt Thrower (level 3, -2/28 HPs)
             Began as a Formicid Hunter on Apr 15, 2022.
             Succumbed to a kobold's poison
             ... on level 2 of the Dungeon.
             The game lasted 00:01:34 (916 turns).

siradein the Bolt Thrower (Formicid Hunter)          Turns: 916, Time: 00:01:34

Health: -2/28      AC:  5    Str: 15    XL:     3   Next: 47%
Magic:  3/3        EV: 12    Int:  8    God:
Gold:   0          SH:  0    Dex: 16    Spells: 2/2 levels left

rFire   . . .      SeeInvis +   a - +1 hand crossbow
rCold   . . .      Faith    .   (no shield)
rNeg    . . .      Spirit   .   b - +0 leather armour
rPois   .          Reflect  .   (helmet unavailable)
rElec   .          Harm     .   (no cloak)
rCorr   .          Rampage  .   d - +1 pair of gloves
Will    .....                   (no boots)
Stlth   ++........              (no amulet)
HPRegen 0.09/turn               (no ring)
MPRegen 0.08/turn               (no ring)

@: lethally poisoned (-2 -> -30)
A: permanent stasis, dig shafts and tunnels, antennae 3, four strong arms
a: Dig, Shaft Self


You were on level 2 of the Dungeon.
You visited 1 branch of the dungeon, and saw 2 of its levels.

Inventory:

Hand Weapons
 a - a +1 hand crossbow (weapon)
Armour
 b - a +0 leather armour (worn)
 d - a +1 pair of gloves (worn)
Scrolls
 c - a scroll of immolation
 f - 2 scrolls of vulnerability {unknown}
Potions
 e - a potion of invisibility {unknown}
 g - 2 potions of curing {unknown}
 h - a potion of heal wounds {unknown}


   Skills:
 + Level 2.7 Fighting
 + Level 4.2 Crossbows
 + Level 1.3 Armour
 + Level 2.2 Dodging
 - Level 1.2 Stealth


You had 2 spell levels left.
You didn't know any spells.
Your spell library contained the following spells:

 Spells                   Type           Power      Damage    Failure   Level
 Shock                    Conj/Air       0%         1d3       47%         1


Dungeon Overview and Level Annotations

Branches:
Dungeon (2/15)

Altars:


Innate Abilities, Weirdness & Mutations

You cannot be hasted, slowed, berserked, paralysed or teleported.
You can dig through walls and to a lower floor.
You have a pair of large antennae on your head. (SInv)
Your four strong arms can wield two-handed weapons with a shield.


Message History

You feel sick.
You are no longer poisoned.
Shoot: a) +1 hand crossbow
Press: ? - help, Q - select action, (/) - cycle Shift-Dir - straight line, f - kobold
Aim: a kobold, wielding a +0 dagger of venom (59% to hit)
You shoot a bolt. The bolt misses the kobold.
The kobold barely misses you. The kobold misses you.
Unknown command.
Shoot: a) +1 hand crossbow
Press: ? - help, Q - select action, (/) - cycle Shift-Dir - straight line, f/p - kobold
Aim: a kobold, wielding a +0 dagger of venom (59% to hit)
You shoot a bolt. The bolt misses the kobold.
The kobold hits you but does no damage.
You are poisoned.
Shoot: a) +1 hand crossbow
Press: ? - help, Q - select action, (/) - cycle Shift-Dir - straight line, f/p - kobold
Aim: a kobold, wielding a +0 dagger of venom (59% to hit)
You shoot a bolt. The bolt hits the kobold.
The kobold is severely wounded.
* * * LOW HITPOINT WARNING * * *
You feel very sick. The kobold closely misses you.
Shoot: a) +1 hand crossbow
Press: ? - help, Q - select action, (/) - cycle Shift-Dir - straight line, f/p - kobold
Aim: a kobold, wielding a +0 dagger of venom (severely wounded, 59% to hit)
You shoot a bolt. The bolt barely misses the kobold.
* * * LOW HITPOINT WARNING * * *
You feel sick.
The kobold hits you with a +0 dagger of venom.
* * * LOW HITPOINT WARNING * * *
You are lethally poisoned!
The kobold hits you but does no damage.
You are more poisoned.
Shoot: a) +1 hand crossbow
Press: ? - help, Q - select action, (/) - cycle Shift-Dir - straight line, f/p - kobold
Aim: a kobold, wielding a +0 dagger of venom (severely wounded, 59% to hit)
You shoot a bolt.
The bolt hits the kobold but does no damage.
The kobold is severely wounded.
You die...

.#.# #.###......... .#.#
#.###.###.#### .#.#
#.........# ...#
#####'##### #### ##...##
### ##.....## # #.##
##.......## ##.#.##
...####.........###.......
......'.........@K........
....###.........###.....##
#..## ##....>..## .#...#
##.# ##.....## .# .## #.#
##...## .# # #.# ##+## ..
#.# .# ## #.# .# #.#
###.#####


You could see a kobold.

Vanquished Creatures
  2 worms (D:2)
  A dart slug (D:1)
  2 ball pythons (D:2)
  2 bats
  3 goblins (D:1)
  4 hobgoblins
  3 quokkas (D:1)
  5 kobolds (D:1)
  2 rats (D:1)
24 creatures vanquished.

Notes
Turn   | Place    | Note
-------+----------+-------------------------------------------
     0 | D:1      | siradein the Formicid Hunter began the quest for the Orb.
     0 | D:1      | Reached XP level 1. HP: 16/16 MP: 1/1
    49 | D:1      | Reached XP level 2. HP: 23/23 MP: 2/2
   209 | D:1      | Reached skill level 1 in Armour
   401 | D:1      | Found a faded altar of an unknown god.
   409 | D:1      | Got Plato's Reference Book on Attacks
   551 | D:1      | Reached XP level 3. HP: 27/28 MP: 3/3
   916 | D:2      | Succumbed to a kobold's poison

Illustrated notes

Levels and vault maps discovered:
D:1:      dpeg_arrival_tiny_d, layout_rooms,
          shapermc_ecumenical_altar_rom_forum, interstate_on_off
D:2:      layout_loops_corners, hangedman_decor_push

Skill      XL: |  1  2 |
---------------+-------+-----
Dodging        | 2 |  2.2
Armour         | 1 |  1.3
Fighting       | |  2.7
Crossbows      | |  4.2
Stealth        | |  1.2

Action                   || total
-------------------------++-------
 Fire: Hand crossbow     ||    73
 Abil: Dig               ||     2
Armor: Leather armour    ||    13
Dodge: Dodged            ||    30

Table legend: (Time is in decaauts)
 A = Elapsed time spent in this place.
 B = Non-inter-level travel time spent in this place.
 C = Inter-level travel time spent in this place.
 D = Time resting spent in this place.
 E = Time spent auto-exploring this place.
 F = Levels seen in this place.
 G = Mean time per level.
                   A        B        C        D        E       F      G
               +--------+--------+--------+--------+--------+-----+--------+
         Total |    939 |    912 |     27 |      0 |    749 |   2 |  469.5 |
       Dungeon |    939 |    912 |     27 |      0 |    749 |   2 |  469.5 |
               +--------+--------+--------+--------+--------+-----+--------+

Top non-repeatable levels by time:
     D:1: 630 daAuts
     D:2: 308 daAuts
